General information
- name: BNet
- type: Ladder team game (AT/RT)
- host: Battle.net
- saver: Prasmatic-Spray
map: Deadlock_LV
- players: 8
- length: 29:30
- speed: Fast
- version: 1.29 W3XP
- replay type: Public
» download(343 KB)
Players
team 1 (winner)
Promaster (
teal | 79 APM | 2323 actions | 29:28)
8 Paladin
3 Holy Light
3 Devotion Aura
1 Divine Shield
1 Resurrection
» actions
| Assign group hotkey | 60 | |
| Basic commands | 203 | |
| Build / train | 97 | |
| Enter build submenu | 32 | |
| Enter hero's abilities submenu | 8 | |
| Right click | 1012 | |
| Select / deselect | 376 | |
| Select group hotkey | 416 | |
| Use ability | 119 | |
2323 total
» units
| Peasant | 15 | |
| Rifleman | 20 | |
| Priest | 11 | |
| Razormane Medicine Man | 2 | |
| Sorceress | 5 | |
53 total
» upgrades
| Gunpowder | 3 | |
| Long Rifles | 1 | |
| Priest Training | 2 | |
| Armor | 3 | |
| Masonry | 2 | |
| Sorceress Training | 2 | |
13 total
» buildings
| Farm | 13 | |
| Altar of Kings | 1 | |
| Blacksmith | 1 | |
| Barracks | 2 | |
| Scout Tower | 1 | |
| Arcane Tower | 1 | |
| Keep | 2 | |
| Lumber Mill | 2 | |
| Arcane Vault | 1 | |
| Arcane Sanctum | 2 | |
| Castle | 1 | |
| Town Hall | 2 | |
29 total
» build order
00:23 Farm
01:02 Altar of Kings
01:09 Blacksmith
01:13 Barracks
01:35 Farm
02:08 Farm
02:26 Farm
02:50 Scout Tower
03:21 Arcane Tower
04:07 Keep
04:07 Keep
04:23 Farm
04:51 Lumber Mill
05:42 Lumber Mill
06:04 Farm
06:12 Arcane Vault
06:33 Arcane Sanctum
08:09 Castle
11:17 Arcane Sanctum
11:19 Farm
11:20 Farm
15:28 Barracks
16:42 Farm
16:42 Farm
16:57 Farm
16:57 Farm
18:10 Town Hall
18:38 Farm
24:35 Town Hall
» items
| Scroll of Regeneration | 5 | |
| Scroll of Town Portal | 3 | |
| Lesser Clarity Potion | 3 | |
| Potion of Mana | 1 | |
| Potion of Healing | 2 | |
14 total

»
Spring_Water (
orange | 74 APM | 2180 actions | 29:28)
5 Blademaster
3 Wind Walk
2 Critical Strike
5 Shadow Hunter
3 Healing Wave
2 Hex
2 Tauren Chieftain
1 War Stomp
1 Endurance Aura
» actions
| Assign group hotkey | 53 | |
| Basic commands | 33 | |
| Build / train | 99 | |
| ESC pressed | 3 | |
| Enter build submenu | 26 | |
| Enter hero's abilities submenu | 12 | |
| Give item / drop item | 2 | |
| Remove unit from queue | 11 | |
| Right click | 1230 | |
| Select / deselect | 350 | |
| Select group hotkey | 213 | |
| Use ability | 148 | |
2180 total
» units
| Peon | 18 | |
| Grunt | 6 | |
| Troll Headhunter/Berserker | 1 | |
| Raider | 10 | |
| Kodo Beast | 2 | |
| Shaman | 9 | |
| Tauren | 4 | |
50 total
» upgrades
| Melee Weapons | 3 | |
| Armor | 2 | |
| Ensnare | 1 | |
| Shaman Training | 2 | |
8 total
» buildings
| Altar of Storms | 1 | |
| Orc Burrow | 8 | |
| Barracks | 1 | |
| War Mill | 2 | |
| Voodoo Lounge | 1 | |
| Stronghold | 1 | |
| Great Hall | 3 | |
| Beastiary | 2 | |
| Spirit Lodge | 1 | |
| Fortress | 2 | |
| Tauren Totem | 1 | |
| Watch Tower | 3 | |
26 total
» build order
00:18 Altar of Storms
00:34 Orc Burrow
00:50 Barracks
01:06 War Mill
01:40 Voodoo Lounge
02:17 Orc Burrow
03:01 Orc Burrow
03:35 Stronghold
05:16 Great Hall
05:50 Great Hall
06:43 Beastiary
06:44 Beastiary
07:00 Orc Burrow
07:01 Orc Burrow
10:17 Orc Burrow
10:28 Spirit Lodge
10:33 Orc Burrow
11:25 Orc Burrow
12:35 Fortress
12:35 Fortress
15:06 Tauren Totem
15:20 War Mill
21:59 Great Hall
23:50 Watch Tower
24:30 Watch Tower
24:31 Watch Tower
» items
| Healing Salve | 2 | |
| Scroll of Town Portal | 4 | |
| Lesser Clarity Potion | 2 | |
| Orb of Lightning | 1 | |
| Boots of Speed | 1 | |
| Potion of Lesser Invulnerability | 1 | |
11 total
blaze. (
blue | 107 APM | 3150 actions | 29:28)
4 Death Knight
2 Death Coil
1 Unholy Aura
1 Death Pact
3 Lich
2 Frost Nova
1 Dark Ritual
» actions
| Assign group hotkey | 14 | |
| Basic commands | 1 | |
| Build / train | 43 | |
| ESC pressed | 2 | |
| Enter build submenu | 20 | |
| Enter hero's abilities submenu | 8 | |
| Right click | 2035 | |
| Select / deselect | 401 | |
| Select group hotkey | 568 | |
| Use ability | 58 | |
3150 total
» units
| Acolyte | 2 | |
| Ghoul | 2 | |
| Crypt Fiend | 17 | |
| Obsidian Statue | 6 | |
27 total
» upgrades
| Creature Attack | 2 | |
| Destroyer Form | 1 | |
3 total
» buildings
| Graveyard | 2 | |
| Crypt | 1 | |
| Altar of Darkness | 1 | |
| Ziggurat | 11 | |
| Tomb of Relics | 1 | |
| Halls of the Dead | 1 | |
| Slaughterhouse | 3 | |
| Black Citadel | 1 | |
| Spirit Tower | 1 | |
22 total
» build order
00:11 Graveyard
00:15 Crypt
00:40 Altar of Darkness
00:49 Ziggurat
01:38 Tomb of Relics
01:54 Ziggurat
03:57 Ziggurat
05:05 Halls of the Dead
06:05 Ziggurat
06:39 Ziggurat
10:32 Slaughterhouse
10:39 Graveyard
10:43 Slaughterhouse
10:56 Slaughterhouse
11:48 Ziggurat
11:50 Ziggurat
15:50 Black Citadel
21:54 Ziggurat
21:58 Ziggurat
22:09 Spirit Tower
23:18 Ziggurat
23:20 Ziggurat
» items
Prasmatic-Spray (
red | 90 APM | 2653 actions | 29:30)
10 Goblin Alchemist
3 Chemical Rage
3 Healing Spray
1 Transmute
3 Acid Bomb
» actions
| Assign group hotkey | 79 | |
| Basic commands | 36 | |
| Build / train | 89 | |
| Enter build submenu | 37 | |
| Enter hero's abilities submenu | 10 | |
| Give item / drop item | 6 | |
| Remove unit from queue | 3 | |
| Right click | 1170 | |
| Select / deselect | 363 | |
| Select group hotkey | 733 | |
| Use ability | 126 | |
2653 total
» units
| Peasant | 18 | |
| Footman | 5 | |
| Gryphon Rider | 8 | |
31 total
» upgrades
| Lumber Harvesting | 2 | |
| Masonry | 3 | |
| Animal War Training | 1 | |
| Swords | 3 | |
| Armor | 4 | |
| Storm Hammers | 1 | |
14 total
» buildings
| Altar of Kings | 1 | |
| Barracks | 1 | |
| Farm | 10 | |
| Scout Tower | 15 | |
| Arcane Tower | 1 | |
| Arcane Vault | 1 | |
| Keep | 1 | |
| Town Hall | 1 | |
| Lumber Mill | 2 | |
| Guard Tower | 3 | |
| Castle | 1 | |
| Gryphon Aviary | 4 | |
| Blacksmith | 2 | |
43 total
» build order
00:49 Altar of Kings
00:51 Barracks
00:52 Farm
00:55 Farm
01:04 Farm
01:32 Scout Tower
02:34 Arcane Tower
03:09 Arcane Vault
03:56 Keep
04:22 Town Hall
04:24 Scout Tower
04:24 Scout Tower
04:25 Scout Tower
04:26 Scout Tower
04:49 Lumber Mill
05:44 Lumber Mill
06:25 Guard Tower
06:57 Scout Tower
06:58 Scout Tower
07:01 Scout Tower
08:03 Castle
08:04 Guard Tower
09:54 Gryphon Aviary
09:55 Gryphon Aviary
09:56 Gryphon Aviary
09:56 Gryphon Aviary
10:05 Blacksmith
10:07 Blacksmith
10:41 Farm
10:41 Farm
14:08 Farm
14:08 Farm
14:08 Farm
18:00 Scout Tower
18:00 Scout Tower
18:00 Scout Tower
21:41 Farm
21:41 Farm
24:11 Scout Tower
24:12 Scout Tower
24:12 Scout Tower
24:13 Scout Tower
24:47 Guard Tower
» items
| Lesser Clarity Potion | 5 | |
| Mechanical Critter | 1 | |
| Boots of Speed | 1 | |
| Periapt of Vitality | 1 | |
| Staff of Teleportation | 1 | |
| Scroll of Protection | 1 | |
| Staff of Sanctuary | 1 | |
| Scroll of Town Portal | 3 | |
| Potion of Mana | 6 | |
| Scroll of Regeneration | 2 | |
| Potion of Healing | 2 | |
24 total
team 2 (loser)

»
cantstopstupid (
green | 29 APM | 853 actions | 29:07)
5 Archmage
2 Summon Water Elemental
3 Brilliance Aura
3 Paladin
1 Devotion Aura
2 Divine Shield
2 Mountain King
1 Bash
1 Storm Bolt
» actions
| Build / train | 122 | |
| Enter build submenu | 20 | |
| Enter hero's abilities submenu | 10 | |
| Give item / drop item | 4 | |
| Right click | 312 | |
| Select / deselect | 274 | |
| Use ability | 111 | |
853 total
» units
| Peasant | 13 | |
| Footman | 11 | |
| Rifleman | 7 | |
| Sorceress | 14 | |
| Knight | 13 | |
| Siege Engine | 7 | |
| Priest | 6 | |
71 total
» upgrades
| Lumber Harvesting | 2 | |
| Masonry | 2 | |
| Barrage | 1 | |
| Plating | 1 | |
| Gunpowder | 1 | |
| Swords | 1 | |
| Animal War Training | 1 | |
9 total
» buildings
| Scout Tower | 3 | |
| Farm | 13 | |
| Altar of Kings | 1 | |
| Barracks | 1 | |
| Arcane Tower | 3 | |
| Town Hall | 1 | |
| Lumber Mill | 1 | |
| Keep | 2 | |
| Arcane Vault | 1 | |
| Blacksmith | 1 | |
| Castle | 1 | |
| Arcane Sanctum | 1 | |
| Workshop | 1 | |
30 total
» build order
01:17 Scout Tower
01:20 Farm
01:23 Altar of Kings
01:28 Barracks
01:46 Farm
01:49 Arcane Tower
02:14 Farm
02:22 Scout Tower
02:39 Farm
02:49 Farm
02:59 Farm
03:22 Arcane Tower
04:37 Town Hall
04:40 Scout Tower
04:47 Lumber Mill
05:34 Keep
05:34 Keep
06:03 Arcane Tower
06:15 Arcane Vault
06:22 Blacksmith
08:07 Castle
08:17 Arcane Sanctum
10:36 Workshop
11:58 Farm
11:59 Farm
11:59 Farm
11:59 Farm
12:00 Farm
15:01 Farm
15:01 Farm
» items
| Boots of Speed | 1 | |
| Scroll of Regeneration | 1 | |
| Lesser Clarity Potion | 4 | |
| Scroll of Town Portal | 14 | |
| Orb of Fire | 2 | |
| Potion of Lesser Invulnerability | 1 | |
23 total
Birdgang (
purple | 69 APM | 1914 actions | 27:52)
5 Paladin
3 Holy Light
2 Devotion Aura
3 Blood Mage
1 Flame Strike
2 Siphon Mana
» actions
| Assign group hotkey | 19 | |
| Basic commands | 161 | |
| Build / train | 86 | |
| ESC pressed | 7 | |
| Enter build submenu | 41 | |
| Enter hero's abilities submenu | 8 | |
| Give item / drop item | 1 | |
| Right click | 835 | |
| Select / deselect | 350 | |
| Select group hotkey | 301 | |
| Use ability | 105 | |
1914 total
» units
| Peasant | 21 | |
| Footman | 5 | |
| Rifleman | 22 | |
48 total
» upgrades
| Gunpowder | 2 | |
| Armor | 2 | |
| Long Rifles | 1 | |
5 total
» buildings
| Altar of Kings | 1 | |
| Farm | 16 | |
| Barracks | 3 | |
| Blacksmith | 1 | |
| Arcane Vault | 2 | |
| Town Hall | 1 | |
| Scout Tower | 15 | |
| Lumber Mill | 1 | |
| Arcane Tower | 1 | |
| Guard Tower | 8 | |
| Keep | 2 | |
| Castle | 2 | |
| Arcane Sanctum | 2 | |
55 total
» build order
00:07 Altar of Kings
00:18 Farm
00:34 Barracks
00:43 Farm
01:15 Farm
01:47 Blacksmith
03:06 Arcane Vault
03:34 Farm
04:07 Town Hall
05:32 Farm
05:32 Farm
05:42 Scout Tower
05:44 Scout Tower
05:46 Lumber Mill
06:17 Arcane Tower
06:37 Scout Tower
06:46 Guard Tower
07:05 Guard Tower
07:32 Scout Tower
07:33 Scout Tower
07:35 Scout Tower
08:01 Scout Tower
08:02 Scout Tower
08:04 Scout Tower
08:44 Guard Tower
08:44 Guard Tower
09:28 Keep
10:16 Barracks
10:17 Scout Tower
10:18 Scout Tower
10:28 Scout Tower
10:39 Farm
10:40 Farm
10:58 Guard Tower
11:00 Scout Tower
11:01 Guard Tower
11:04 Scout Tower
11:07 Scout Tower
11:35 Guard Tower
11:35 Guard Tower
13:12 Farm
13:13 Farm
15:44 Castle
16:32 Farm
16:33 Farm
16:33 Farm
17:13 Arcane Sanctum
17:16 Arcane Sanctum
20:38 Keep
21:11 Arcane Vault
25:48 Castle
25:50 Barracks
25:51 Farm
25:52 Farm
25:52 Farm
» items
| Scroll of Regeneration | 2 | |
| Lesser Clarity Potion | 1 | |
| Ring of Protection +3 | 1 | |
| Scroll of Town Portal | 3 | |
| Potion of Healing | 1 | |
8 total
hjd999 (
pink | 83 APM | 2300 actions | 27:35)
5 Archmage
1 Summon Water Elemental
3 Brilliance Aura
1 Blizzard
4 Paladin
2 Holy Light
2 Divine Shield
2 Mountain King
1 Storm Bolt
1 Bash
» actions
| Assign group hotkey | 8 | |
| Basic commands | 393 | |
| Build / train | 107 | |
| Enter build submenu | 20 | |
| Enter hero's abilities submenu | 11 | |
| Give item / drop item | 2 | |
| Remove unit from queue | 2 | |
| Right click | 570 | |
| Select / deselect | 788 | |
| Select group hotkey | 179 | |
| Use ability | 220 | |
2300 total
» units
| Peasant | 14 | |
| Footman | 26 | |
| Sorceress | 9 | |
| Priest | 7 | |
| Mortar Team | 5 | |
| Siege Engine | 10 | |
71 total
» upgrades
| Defend | 1 | |
| Masonry | 2 | |
| Lumber Harvesting | 1 | |
| Barrage | 1 | |
| Plating | 1 | |
| Swords | 1 | |
| Gunpowder | 1 | |
| Armor | 1 | |
9 total
» buildings
| Altar of Kings | 1 | |
| Farm | 9 | |
| Barracks | 1 | |
| Scout Tower | 1 | |
| Arcane Tower | 2 | |
| Keep | 3 | |
| Blacksmith | 1 | |
| Lumber Mill | 1 | |
| Arcane Sanctum | 1 | |
| Workshop | 1 | |
| Castle | 1 | |
| Town Hall | 1 | |
23 total
» build order
00:17 Altar of Kings
00:19 Farm
00:22 Barracks
01:05 Farm
01:20 Scout Tower
01:50 Arcane Tower
01:50 Arcane Tower
02:41 Keep
02:41 Keep
02:41 Keep
03:26 Farm
03:35 Blacksmith
05:03 Lumber Mill
05:13 Arcane Sanctum
06:16 Workshop
06:20 Farm
07:09 Farm
10:38 Farm
10:43 Castle
11:48 Farm
12:38 Farm
17:51 Farm
26:14 Town Hall
Bibi (
yellow | 40 APM | 1174 actions | 29:28)
6 Archmage
2 Summon Water Elemental
2 Brilliance Aura
1 Blizzard
1 Mass Teleport
» actions
| Assign group hotkey | 23 | |
| Basic commands | 10 | |
| Build / train | 105 | |
| ESC pressed | 1 | |
| Enter build submenu | 42 | |
| Enter hero's abilities submenu | 6 | |
| Give item / drop item | 1 | |
| Right click | 282 | |
| Select / deselect | 320 | |
| Select group hotkey | 281 | |
| Use ability | 103 | |
1174 total
» units
| Peasant | 17 | |
| Rifleman | 19 | |
| Priest | 3 | |
| Siege Engine | 6 | |
| Sorceress | 1 | |
46 total
» upgrades
| Gunpowder | 3 | |
| Armor | 1 | |
| Masonry | 3 | |
| Long Rifles | 1 | |
| Priest Training | 1 | |
| Magic Sentry | 1 | |
| Barrage | 1 | |
| Plating | 2 | |
| Lumber Harvesting | 1 | |
14 total
» buildings
| Farm | 9 | |
| Altar of Kings | 1 | |
| Blacksmith | 1 | |
| Barracks | 2 | |
| Lumber Mill | 1 | |
| Scout Tower | 18 | |
| Guard Tower | 16 | |
| Town Hall | 1 | |
| Keep | 1 | |
| Arcane Vault | 2 | |
| Arcane Tower | 4 | |
| Workshop | 3 | |
| Castle | 1 | |
| Arcane Sanctum | 1 | |
61 total
» build order
00:21 Farm
00:35 Altar of Kings
01:02 Farm
01:24 Blacksmith
01:42 Barracks
02:43 Farm
02:51 Lumber Mill
03:28 Scout Tower
04:04 Guard Tower
04:20 Farm
05:16 Town Hall
05:31 Farm
06:21 Farm
06:24 Scout Tower
06:38 Keep
06:45 Arcane Vault
06:58 Arcane Tower
07:01 Scout Tower
07:05 Scout Tower
07:44 Guard Tower
07:57 Guard Tower
10:15 Workshop
10:18 Scout Tower
10:26 Castle
10:55 Scout Tower
10:57 Guard Tower
11:05 Arcane Sanctum
11:27 Barracks
11:38 Scout Tower
11:40 Guard Tower
12:09 Guard Tower
12:13 Farm
13:04 Scout Tower
14:17 Scout Tower
14:24 Arcane Vault
14:35 Guard Tower
14:48 Scout Tower
15:02 Scout Tower
15:04 Arcane Tower
15:34 Guard Tower
15:39 Workshop
17:35 Guard Tower
17:46 Farm
17:53 Arcane Tower
18:00 Scout Tower
18:47 Scout Tower
18:49 Guard Tower
18:52 Guard Tower
21:03 Guard Tower
21:14 Scout Tower
21:28 Scout Tower
21:49 Scout Tower
21:50 Guard Tower
21:57 Guard Tower
22:00 Scout Tower
22:21 Guard Tower
22:23 Scout Tower
23:54 Guard Tower
23:58 Farm
24:57 Arcane Tower
26:43 Workshop
» items
| Scroll of Town Portal | 6 | |
| Scroll of Regeneration | 2 | |
| Ivory Tower | 6 | |
| Potion of Mana | 2 | |
16 total
Chat log
(03:19 / Allies) Prasmatic-Spray: gonna fast expo that
(06:30 / Allies) Spring_Water: idk
(06:34 / Allies) Spring_Water: we could attack
(08:59 / Allies) Promaster: oom
(09:25 / Allies) Prasmatic-Spray: ya;ll keep moving when I heal
(10:08 / Allies) Spring_Water: b
(12:24 / Allies) Spring_Water: wood
(12:53 / Allies) Spring_Water: nah
(12:54 / Allies) Spring_Water: dude
(12:55 / Allies) Spring_Water: teal
(13:00 / Allies) Spring_Water: teal
(13:01 / Allies) Spring_Water: dude
(14:06 / Allies) Prasmatic-Spray: who nened gold
(14:49 / Allies) blaze.: back
(16:08 / Allies) Spring_Water: red
(17:49 / Allies) Spring_Water: meet
(17:50 / Allies) Spring_Water: all
(17:53 / Allies) Spring_Water: nomorerunnign
(17:56 / Allies) Spring_Water: red
(17:57 / Allies) Spring_Water: to
(18:08 / Allies) Prasmatic-Spray: my base
(18:18 / Allies) Spring_Water: ill force himto tp
(18:20 / Allies) Spring_Water: fuck off rted
(18:42 / Allies) Spring_Water: dont suicide
(18:43 / Allies) Spring_Water: red
(18:45 / Allies) Spring_Water: stay b
(18:56 / Allies) Spring_Water: k
(18:57 / Allies) Spring_Water: tp
(19:21 / Allies) blaze.: fuck no tp
(23:25 / Allies) Prasmatic-Spray: I b
(23:28 / Allies) Prasmatic-Spray: didn't see you
(23:32 / Allies) Spring_Water: :P
(24:01 / Allies) Prasmatic-Spray: need lumber
(26:49 / All) Birdgang: yellow 5k gold
(26:51 / Allies) Prasmatic-Spray: let's kill theire xpos
(28:45 / Allies) Prasmatic-Spray: b up
(28:46 / Allies) Prasmatic-Spray: imo